 Dungeon Crawl Stone Soup version 0.28.0-47-ge53b351184 (webtiles) character file.

Game seed: 15250566006170102860

36526 Icepheonix32 the Frost Mage (level 13, -34/103 HPs)
             Began as a Demonspawn Ice Elementalist on May 4, 2022.
             Was the Champion of Okawaru.
             Annihilated by an enormous slime creature (121 damage)
             ... on level 15 of the Dungeon.
             The game lasted 00:40:47 (16743 turns).

Icepheonix32 the Frost Mage (DsIE)                 Turns: 16743, Time: 00:40:48

Health: -34/103    AC: 21    Str: 11    XL:     13   Next: 53%
Magic:  16/21      EV: 14    Int: 23    God:    Okawaru [******]
Gold:   484        SH:  5    Dex: 13    Spells: 16/23 levels left

rFire   + . .      SeeInvis .   T - +10 rapier "Icvaq" {drain, Contam rN++}
rCold   . . .      Faith    .   F - orb {mayhem}
rNeg    + + +      Spirit   .   b - +3 leather armour of Theory {rC- rN++ Int-3 Slay+5}
rPois   .          Reflect  +   (helmet restricted)
rElec   .          Harm     .   D - scarf {rC+ rF+}
rCorr   .          Rampage  +   d - +1 pair of gloves
Will    .....                   G - +1 pair of boots {rampage}
Stlth   ++........              j - amulet of reflection
HPRegen 0.27/turn               c - +4 ring of slaying
MPRegen 0.17/turn               u - +6 ring of intelligence

@: ice-armoured, freezing walls
A: horns 2, ignite blood 2, powered by death 1, sharp scales 3
a: Renounce Religion, Heroism, Finesse, Duel


You were on level 15 of the Dungeon.
You worshipped Okawaru.
Okawaru was exalted by your worship.
You visited 2 branches of the dungeon, and saw 16 of its levels.

You collected 938 gold pieces.
You spent 454 gold pieces at shops.

Inventory:

Hand Weapons
 t - a +3 trident of freezing
 C - a +3 short sword of protection
 T - the +10 rapier "Icvaq" (weapon) {drain, Contam rN++}
   (Okawaru gifted it to you on level 13 of the Dungeon)

   A truly terrible weapon, it drains the life of any living foe it strikes.
   rN:        It greatly protects you from negative energy.
   Contam:    It causes magical contamination when unequipped.
Missiles
 h - 3 curare-tipped darts
 q - 10 boomerangs
 r - 26 poisoned darts
 N - 3 atropa-tipped darts
Armour
 b - the +3 leather armour of Theory (worn) {rC- rN++ Int-3 Slay+5}
   (You found it on level 2 of the Dungeon)

   Int:       It affects your intelligence (-3).
   Slay:      It affects your accuracy & damage with ranged weapons and melee
   (+5).
   rC:        It makes you vulnerable to cold.
   rN:        It greatly protects you from negative energy.
 d - a +1 pair of gloves (worn)
 z - the +1 robe of the Stone Wall {Harm rElec Dex+6}
   (You bought it in a shop on level 7 of the Dungeon)

   Dex:       It affects your dexterity (+6).
   rElec:     It insulates you from electricity.
   Harm:      It increases damage dealt and taken.
 D - a scarf of resistance (worn)
 F - an orb of mayhem (worn)
 G - a +1 pair of boots of rampaging (worn)
 M - a +2 cloak
 Q - a +2 kite shield of protection
 S - a +0 buckler
 U - a scarf of shadows
Jewellery
 c - a +4 ring of slaying (left hand)
 j - an amulet of reflection (around neck)
 o - a +6 ring of dexterity
 s - a +6 ring of intelligence
 u - a +6 ring of intelligence (right hand)
 B - a ring of protection from fire
 L - the ring "Muaceuc" {MP+9 AC+4 Int+2}
   (You found it on level 15 of the Dungeon)

   [ring of protection]

   AC:        It affects your AC (+4).
   Int:       It affects your intelligence (+2).
   MP:        It affects your magic capacity (+9).
Wands
 g - a wand of paralysis (25)
 l - a wand of iceblast (25)
 x - a wand of mindburst (9)
 A - a wand of digging (9)
 I - a wand of polymorph (3)
Scrolls
 a - a scroll of silence
 i - 5 scrolls of amnesia
 m - a scroll of fear
 p - 2 scrolls of noise
 y - a scroll of fog
 E - 3 scrolls of teleportation
 P - a scroll of blinking
Potions
 e - 2 potions of cancellation
 f - 5 potions of curing
 k - a potion of flight
 n - 3 potions of resistance
 v - a potion of mutation
 w - a potion of attraction
 H - 2 potions of haste
 J - a potion of magic
 O - a potion of heal wounds
 R - a potion of brilliance


   Skills:
 * Level 10.1 Fighting
 * Level 9.1 Short Blades
 - Level 1.8 Crossbows
 + Level 1.1 Throwing
 + Level 2.2 Armour
 + Level 6.2 Dodging
 + Level 4.6 Stealth
 + Level 5.7 Spellcasting
 + Level 12.0 Ice Magic
 * Level 11.4 Invocations
 * Level 4.6 Evocations


You had 16 spell levels left.
You knew the following spells:

 Your Spells              Type           Power      Damage    Failure   Level
a - Freeze                Ice            100%       1d11      1%          1
b - Ozocubu's Armour      Ice            58%        N/A       1%          3
c - Frozen Ramparts       Ice            100%       1d12      1%          3

Your spell library contained the following spells:

 Spells                   Type           Power      Damage    Failure   Level
 Hailstorm                Conj/Ice       34%        3d9       10%         4
 Apportation              Tloc           12%        N/A       12%         1
 Magic Dart               Conj           24%        1d4       12%         1
 Sandblast                Erth           12%        2d6       12%         1
 Sting                    Tmut/Pois      24%        1d4       12%         1
 Passwall                 Tmut/Erth      5%         N/A       17%         2
 Poisonous Vapours        Pois/Air       12%        N/A       17%         2
 Mephitic Cloud           Conj/Pois/Air  6%         N/A       34%         3
 Stone Arrow              Conj/Erth      12%        3d7       34%         3
 Olgreb's Toxic Radiance  Pois           6%         N/A       75%         4
 Animate Skeleton         Necr           Unusable   N/A       N/A         1
 Summon Small Mammal      Summ           Unusable   N/A       N/A         1
 Call Imp                 Summ           Unusable   N/A       N/A         2

Dungeon Overview and Level Annotations

Branches:
Dungeon (15/15)            Temple (1/1) D:6            Lair (0/6) D:8
    Orc (0/2) D:12         Vaults (0/5) D:13
 Depths: D:15

Altars:
Ashenzari
Cheibriados
Dithmenos
Elyvilon
Fedhas
Gozag
Hepliaklqana
Kikubaaqudgha
Makhleb
Nemelex Xobeh
Okawaru
Qazlal
Ru
Sif Muna
Trog
Uskayaw
Vehumet
Wu Jian
Xom
Yredelemnul
Zin
The Shining One

Shops:
D:7 *   D:10 [(=   D:11 [   D:15 :

Portals:
Trove: D:14 (show slimy rune of Zot)


Innate Abilities, Weirdness & Mutations

You have a pair of horns on your head.
Your demonic aura often causes spilled blood to erupt in flames.
You regenerate a little health from kills.
You are completely covered in razor-sharp scales. (AC +3, Slay +3)


Message History

Casting: Frozen Ramparts (safe; 1% risk of failure)
Press: ? - help, Dir - look around, f - activate The walls around you are covered in ice.
The wall freezes the enormous slime creature!
The wall freezes the orc knight!
The orc knight hits you with a +0 halberd.
Unknown command.
You puncture the orc knight! You drain the orc knight.
The orc knight is almost dead.
The wall freezes the enormous slime creature.
The wall freezes the orc warrior!
You kill the orc warrior!
Okawaru accepts your kill.
The enormous slime creature flies into a frenzy!
You hit the orc knight but do no damage.
The orc knight is almost dead.
The wall freezes the enormous slime creature.
The enormous slime creature barely misses the orc knight.
The wall freezes the orc knight.
The orc knight misses you.
Unknown command.
You puncture the orc knight! You drain the orc knight.
You kill the orc knight!
Okawaru accepts your kill.
The wall freezes the enormous slime creature.
Your Throwing skill increases to level 1!
Unknown command.
You impale the enormous slime creature!!
You headbutt the enormous slime creature!
The enormous slime creature is severely wounded.
The enormous slime creature is engulfed in blazing flames.
The wall freezes the enormous slime creature.
The enormous slime creature closely misses you.
Unknown command.
You puncture the enormous slime creature!
The enormous slime creature is almost dead.
The enormous slime creature is engulfed in blazing flames.
The wall freezes the enormous slime creature!
The enormous slime creature hits you!!!!
Ouch! That really hurt!
You die...

#.......#
#.#####.#
#.########
#.........
#.#####... .
##.#####.# ..
.........#
...
##.#####.#
.... #@#
.....
#J#####...(.(
#().ooJ.....(
#.######.####
#.# #.# ^.#
#.# #.#


You could see a neutral enormous slime creature (fast, strong, insane).

Vanquished Creatures
  An ettin (D:13)
  3 boulder beetles
  3 centaur warriors
  2 hydras
  6 two-headed ogres
  3 tengu warriors
  A skeletal warrior (D:12)
  A phantasmal warrior (D:14)
  A wizard (D:15)
  2 deep elf pyromancers
  2 orc knights
  4 manticores
  A fire giant zombie (D:15)
  7 ugly things
  3 cyclopes
  A moth of wrath (shapeshifter) (D:14)
  2 freezing wraiths (D:14)
  3 unseen horrors
  A komodo dragon (D:8)
  2 kobold demonologists (D:12)
  A tengu conjurer (D:13)
  3 meliai (D:15)
  A troll (D:10)
  4 slime creatures
  2 wyverns
  A vampire (D:12)
  23 yaks
  4 wraiths
  Eustachio (D:5)
  8 vampire mosquitoes (D:14)
  A steam dragon (D:4)
  A warg (D:15)
  2 water moccasins
  An ice beast (D:8)
  7 orc warriors
  A black bear (D:8)
  2 sky beasts (D:6)
  An ogre (D:5)
  A phantom (D:5)
  5 centaurs
  Blork the orc (D:5)
  4 kobold brigands
  A gnoll sergeant (D:11)
  3 bullfrogs
  4 scorpions
  A water moccasin zombie (D:7)
  6 killer bees (D:8)
  A water moccasin skeleton (D:5)
  10 wights
  4 howler monkeys
  2 bullfrog zombies
  2 centaur zombies
  8 orc priests
  3 hounds
  9 orc wizards
  A killer bee zombie (D:6)
  2 hound skeletons (D:4)
  4 adders
  A shadow imp (D:8)
  An ufetubus (D:7)
  2 adder skeletons (D:4)
  A worm (D:5)
  3 dart slugs
  43 orcs
  10 endoplasms
  6 giant cockroaches
  14 goblins
  12 hobgoblins
  20 kobolds
  5 quokkas
  8 ball pythons
  4 bats
  5 frilled lizards
  6 rats
326 creatures vanquished.

Vanquished Creatures (collateral kills)
  A death knight (D:14)
  A deep troll (shapeshifter) (D:13)
  A cyclops (D:11)
  3 yaks
  A vampire mosquito (D:14)
  2 orc warriors (D:12)
  A killer bee (D:11)
  2 orc priests (D:12)
  3 orc wizards (D:12)
  3 gnolls (D:11)
  5 orcs (D:12)
  2 kobolds (D:12)
25 creatures vanquished.

Vanquished Creatures (others)
  A wizard (D:6)
  An unseen horror (D:11)
  A troll (D:15)
  2 yaks (D:11)
  A kobold brigand (D:12)
  5 fungi (D:8)
  28 plants
39 creatures vanquished.

Grand Total: 390 creatures vanquished

Notes
Turn   | Place    | Note
-------+----------+-------------------------------------------
     0 | D:1      | Icepheonix32 the Demonspawn Ice Elementalist began the
                  | quest for the Orb.
     0 | D:1      | Reached XP level 1. HP: 13/13 MP: 3/3
   156 | D:1      | Found a faded altar of an unknown god.
   500 | D:1      | Reached skill level 4 in Ice Magic
   513 | D:1      | Gained mutation: Your demonic aura sometimes causes spilled
                  | blood to erupt in flames. [demonic ancestry]
   513 | D:1      | Reached XP level 2. HP: 19/19 MP: 0/5
  1020 | D:1      | Reached XP level 3. HP: 24/24 MP: 6/6
  1024 | D:1      | Learned a level 3 spell: Ozocubu's Armour
  1525 | D:2      | Identified the +3 leather armour of Theory {rC- rN++ Int-3
                  | Slay+5}
  1964 | D:2      | Reached XP level 4. HP: 30/30 MP: 7/7
  2095 | D:3      | Learned a level 3 spell: Frozen Ramparts
  2378 | D:3      | Reached skill level 5 in Ice Magic
  3059 | D:4      | Found a shimmering blue altar of Sif Muna.
  3074 | D:4      | Reached XP level 5. HP: 13/35 MP: 1/9
  3501 | D:4      | Noticed a steam dragon
  3512 | D:4      | Killed a steam dragon
  3513 | D:4      | Gained mutation: You are partially covered in razor-sharp
                  | scales. (AC +1, Slay +1) [demonic ancestry]
  3513 | D:4      | Reached XP level 6. HP: 12/42 MP: 6/11
  3750 | D:4      | Found a sparkling altar of Nemelex Xobeh.
  3817 | D:4      | Reached skill level 1 in Fighting
  3907 | D:4      | Reached skill level 6 in Ice Magic
  3999 | D:4      | Found a hide-covered altar of Uskayaw.
  4001 | D:4      | Found a hazy altar of Hepliaklqana.
  4130 | D:4      | Noticed a water moccasin
  4136 | D:4      | Killed a water moccasin
  4319 | D:5      | Entered Level 5 of the Dungeon
  4389 | D:5      | Gained mutation: You have a pair of small horns on your
                  | head. [demonic ancestry]
  4389 | D:5      | Reached XP level 7. HP: 12/50 MP: 12/12
  4395 | D:5      | Reached skill level 1 in Short Blades
  4795 | D:5      | Noticed Eustachio
  4817 | D:5      | Killed Eustachio
  4818 | D:5      | Reached skill level 7 in Ice Magic
  5222 | D:5      | Reached XP level 8. HP: 45/60 MP: 6/13
  5356 | D:5      | Noticed Blork the orc
  5372 | D:5      | Killed Blork the orc
  5971 | D:6      | Found an ancient bone altar of Kikubaaqudgha.
  6035 | D:6      | Found a broken altar of Ashenzari.
  6313 | D:6      | Found a bloodstained altar of Trog.
  6314 | D:6      | Noticed a wizard
  6318 | D:6      | Killed a wizard
  6379 | D:6      | Found a radiant altar of Vehumet.
  6433 | D:6      | Reached skill level 8 in Ice Magic
  6477 | D:6      | Found a staircase to the Ecumenical Temple.
  6505 | Temple   | Entered the Ecumenical Temple
  6730 | Temple   | Became a worshipper of Warmaster Okawaru
  6811 | D:6      | Reached skill level 5 in Fighting
  7192 | D:7      | Reached skill level 1 in Invocations
  7192 | D:7      | Gained mutation: You have a pair of horns on your head.
                  | [demonic ancestry]
  7192 | D:7      | Reached XP level 9. HP: 59/68 MP: 10/14
  7281 | D:7      | Reached * piety under Okawaru
  7880 | D:7      | Found Eluobros's Assorted Antiques.
  7888 | D:7      | Bought a scroll labelled XOZUDE ARIO for 25 gold pieces
  7888 | D:7      | Bought a scroll of identify for 50 gold pieces
  7888 | D:7      | Bought a scroll labelled GOLIBO KELAHIST for 25 gold pieces
  7888 | D:7      | Bought a bloodstained robe for 142 gold pieces
  7888 | D:7      | Identified the +1 robe of the Stone Wall {Harm rElec Dex+6}
                  | (You bought it in a shop on level 7 of the Dungeon)
  8030 | D:8      | Reached skill level 9 in Ice Magic
  8064 | D:8      | Reached ** piety under Okawaru
  8235 | D:8      | Noticed a komodo dragon
  8252 | D:8      | Killed a komodo dragon
  8253 | D:8      | Gained mutation: You are mostly covered in razor-sharp
                  | scales. (AC +2, Slay +2) [demonic ancestry]
  8253 | D:8      | Reached XP level 10. HP: 37/77 MP: 6/15
  8644 | D:8      | Found a staircase to the Lair.
  8649 | D:8      | Reached skill level 5 in Invocations
  8712 | D:9      | Reached *** piety under Okawaru
  8773 | D:9      | Found a stormy altar of Qazlal.
  9335 | D:8      | Noticed a two-headed ogre
  9336 | D:8      | Noticed a two-headed ogre
  9359 | D:8      | Killed a two-headed ogre
  9360 | D:8      | Reached skill level 5 in Short Blades
  9360 | D:8      | Reached skill level 10 in Ice Magic
  9362 | D:8      | Killed a two-headed ogre
  9850 | D:10     | Entered Level 10 of the Dungeon
  9856 | D:10     | Reached **** piety under Okawaru
  9875 | D:10     | Noticed a boulder beetle
  9905 | D:10     | Killed a boulder beetle
 10153 | D:10     | Found Zomiz's Weapon Shop.
 10273 | D:10     | Gained mutation: You are completely covered in razor-sharp
                  | scales. (AC +3, Slay +3) [demonic ancestry]
 10273 | D:10     | Reached XP level 11. HP: 81/84 MP: 16/16
 10280 | D:10     | Received a gift from Okawaru
 10403 | D:10     | Found Boagrora's Jewellery Shoppe.
 10775 | D:10     | Found a snail-covered altar of Cheibriados.
 10882 | D:10     | Found a shimmering altar of Xom.
 10912 | D:10     | Found Uxuidod's Armour Boutique.
 10964 | D:10     | Bought an orb of mayhem for 169 gold pieces
 11145 | D:11     | Reached ***** piety under Okawaru
 11146 | D:11     | Reached skill level 5 in Dodging
 11419 | D:11     | Noticed a two-headed ogre
 11432 | D:11     | Killed a two-headed ogre
 11432 | D:11     | Received a gift from Okawaru
 11605 | D:11     | Received a gift from Okawaru
 11671 | D:11     | Noticed a tengu warrior
 11671 | D:11     | Noticed a centaur warrior
 11681 | D:11     | Killed a tengu warrior
 11682 | D:11     | Reached skill level 11 in Ice Magic
 11684 | D:11     | Killed a centaur warrior
 11686 | D:11     | Noticed a deep elf pyromancer
 11693 | D:11     | Noticed an orc knight
 11703 | D:11     | Killed a deep elf pyromancer
 11707 | D:11     | Killed an orc knight
 11708 | D:11     | Noticed a two-headed ogre
 11713 | D:11     | Killed a two-headed ogre
 11714 | D:11     | Gained mutation: You regenerate a little health from kills.
                  | [demonic ancestry]
 11714 | D:11     | Reached XP level 12. HP: 70/94 MP: 7/18
 11942 | D:10     | Bought 18 bolts for 43 gold pieces
 12101 | D:11     | Found Laconem's Armour Shoppe.
 12319 | D:12     | Noticed a boulder beetle
 12329 | D:12     | Killed a boulder beetle
 12525 | D:12     | Found a staircase to the Orcish Mines.
 12738 | D:12     | Received a gift from Okawaru
 12738 | D:12     | Found the +4 dagger "Morg" {pain, Will+ Int+5}
 12777 | D:12     | Reached ****** piety under Okawaru
 13034 | D:13     | Reached skill level 1 in Evocations
 13318 | D:13     | Noticed a tengu warrior
 13329 | D:13     | Reached skill level 1 in Crossbows
 13335 | D:13     | Killed a tengu warrior
 13336 | D:13     | Reached skill level 10 in Invocations
 13605 | D:13     | Noticed a centaur warrior
 13616 | D:13     | Killed a centaur warrior
 13781 | D:13     | Noticed a two-headed ogre
 13787 | D:13     | Killed a two-headed ogre
 13787 | D:13     | Identified the +10 rapier "Icvaq" {drain, Contam rN++}
                  | (Okawaru gifted it to you on level 13 of the Dungeon)
 13787 | D:13     | Received a gift from Okawaru
 13919 | D:13     | Noticed a boulder beetle
 13939 | D:13     | Killed a boulder beetle
 14191 | D:13     | Noticed a tengu warrior
 14199 | D:13     | Killed a tengu warrior
 14311 | D:13     | Noticed an ettin
 14315 | D:13     | Killed an ettin
 14320 | D:13     | Reached skill level 1 in Armour
 14329 | D:13     | Found a gate to the Vaults.
 14857 | D:12     | Received a gift from Okawaru
 14858 | D:12     | Reached skill level 5 in Spellcasting
 14897 | D:12     | You fall into a shaft and drop 3 floors!
 14897 | D:15     | Entered Level 15 of the Dungeon
 14991 | D:14     | Noticed a four-headed hydra
 14995 | D:14     | Killed a four-headed hydra
 14996 | D:14     | Gained mutation: Your demonic aura often causes spilled
                  | blood to erupt in flames. [demonic ancestry]
 14996 | D:14     | Reached XP level 13. HP: 103/103 MP: 14/21
 15672 | D:14     | Found a portal to a secret trove of treasure.
 16381 | D:15     | Found Tacvumoe's Book Shoppe.
 16406 | D:15     | Reached skill level 10 in Fighting
 16408 | D:15     | Identified the ring "Muaceuc" {MP+9 AC+4 Int+2}
 16711 | D:15     | Received a gift from Okawaru
 16712 | D:15     | Reached skill level 12 in Ice Magic
 16742 | D:15     | Reached skill level 1 in Throwing
 16743 | D:15     | Annihilated by an enormous slime creature

Illustrated notes

Levels and vault maps discovered:
D:1:      dpeg_cavernosity, layout_loops_ring, basic_ecumenical_altar
D:2:      layout_basic
D:3:      layout_basic, minmay_door_square, minmay_fractal_squares_gapless_5
D:4:      layout_loops_ring, nicolae_overflow_hidden_temple,
          mainiacjoe_overflow_paths, mainiacjoe_overflow_chevrons,
          serial_bayou_lagoon_a, nrook_mini_vaults, nrook_uturn
D:5:      layout_cave_pods, mainiacjoe_overflow_six_doors_small,
          uniq_blork_the_orc, uniq_eustachio
D:6:      layout_basic, old_standard_altar, trog_wizard, lemuel_doored_altar,
          vehumet_crystals, mainiacjoe_overflow_alcove_2,
          minmay_temple_entry_poolview, kennysheep_generic_room_4
D:7:      layout_loops_ring, serial_shops, shop, amcnicky_mini_corridor_feature
D:8:      layout_basic, grunt_lair_entry_orc_guard_hut, enter_bailey_3,
          chequers_serial_rivers_micro_c, kennysheep_diamond
D:9:      layout_basic, mainiacjoe_overflow_brackets
D:10:     layout_cave_pools, lemuel_round_altar, amcnicky_altar_gilded,
          serial_shops, nicolae_diamond_shop,
          nicolae_shop_temple_entry_statues_fountains, nicolae_diamond_shop
D:11:     minmay_slanted_spiral_squares, layout_basic, serial_shops,
          nicolae_shop_temple_entry_statues_fountains
D:12:     layout_long_grid, david_orc_4, library_closet, uniq_frances
D:13:     layout_irregular_city, david_vaults_4, minivault_5
D:14:     layout_rooms, enter_trove_2, chequers_serial_rivers_room_b
D:15:     gammafunk_depths_entry_grave, layout_small_grid,
          chequers_serial_rivers_micro_d, serial_shops, nicolae_shop_crystal
Temple:   grunt_temple_mini_profane

Skill      XL: |  1  2  3  4  5  6  7  8  9 10 11 12 13 |
---------------+----------------------------------------+-----
Ice Magic      | 4 5 6 7 8 9 10 11 12 | 12.0
Dodging        | 2 3 4 5 6 |  6.2
Spellcasting   | 3 5 |  5.7
Fighting       | 2 3 5 6 7 8 9 10 | 10.1
Short Blades   | 2 3 5 7 8 9 |  9.1
Stealth        | 2 3 4 |  4.6
Invocations    | 1 4 7 9 10 11 | 11.4
Evocations     | 3 4 |  4.6
Crossbows      | 1 |  1.8
Armour         | 1 2 |  2.2
Throwing       | 1 |  1.1

Action                   |  1- 3 |  4- 6 |  7- 9 | 10-12 | 13-15 || total
-------------------------+-------+-------+-------+-------+-------++-------
Melee: Short sword       |    82 |   100 |   161 |   235 |       ||   578
       Unarmed           |     5 |       |       |       |       ||     5
       Headbutt          |       |       |    51 |    78 |    16 ||   145
       Punch             |       |       |       |     1 |       ||     1
       Rapier            |       |       |       |    45 |    85 ||   130
 Fire: Hand crossbow     |       |       |       |    20 |       ||    20
Throw: Boomerang         |       |       |     2 |    11 |     3 ||    16
       Dart              |       |       |       |     3 |     2 ||     5
       Javelin           |       |       |       |       |     5 ||     5
 Cast: Freeze            |    17 |       |       |       |       ||    17
       Ozocubu's Armour  |       |     5 |    20 |    29 |     6 ||    60
       Frozen Ramparts   |       |     2 |    16 |    23 |     5 ||    46
Invok: Heroism           |       |       |       |     4 |     1 ||     5
Evoke: Wand              |       |       |     2 |     2 |       ||     4
  Use: Potion            |     1 |     2 |     6 |     1 |     2 ||    12
       Scroll            |       |       |    12 |     6 |     2 ||    20
 Stab: Sleeping          |     5 |     2 |     2 |     6 |       ||    15
Armor: Robe              |    18 |       |       |       |       ||    18
       Leather armour    |     5 |    43 |    54 |   109 |    33 ||   244
Dodge: Dodged            |    51 |    50 |    76 |   106 |    70 ||   353
Block: Other             |       |     1 |    28 |    31 |       ||    60
       Reflection        |       |       |     1 |     2 |     1 ||     4
       Orb               |       |       |       |    30 |    25 ||    55
